 Dungeon Sprint DCSS version 0.30-a0-830-gfe289a77b0 (webtiles) character file.

Game seed: 8824142490577777661

1699 retardedninja the Protected (level 8, -10/82 HPs)
             Began as a Minotaur Fighter on Feb 28, 2023.
             Was an Initiate of Gozag.
             Mangled by a two-headed ogre
             ... wielding a +0 giant club
              (20 damage)
             ... in the Dungeon (Sprint III: "The Ten Rune Challenge").
             The game lasted 00:03:48 (2171 turns).

retardedninja the Protected (Minotaur Fighter)      Turns: 2171, Time: 00:03:49

Health: -10/82     AC: 11    Str: 23    XL:     8   Next: 73%
Magic:  7/7        EV: 11    Int:  5    God:    Gozag
Gold:   657        SH:  6    Dex: 10    Spells: 7/7 levels left

rFire   . . .      SeeInvis .    a - +0 war axe
rCold   . . .      Faith    .    c - +0 buckler
rNeg    . . .      Spirit   .    b - +0 scale mail
rPois   .          Reflect  .    (helmet restricted)
rElec   .          Harm     .    (no cloak)
rCorr   .          Rampage  .    k - +0 pair of gloves
Will    .....      NoTele   +    (no boots) Stlth
                                 (no amulet)
HPRegen 0.33/turn                (no ring)
MPRegen 0.10/turn                (no ring)

@: no status effects
A: horns 2, retaliatory headbutt
a: Renounce Religion, Potion Petition, Call Merchant, Bribe Branch


You were in the Dungeon.
You worshipped Gozag.
Gozag was pleased with you.
You visited 1 branch You collected 657 gold pieces.

Inventory:

Hand Weapons
 a - a +0 war axe (weapon)
Armour
 b - a +0 scale mail (worn)
 c - a +0 buckler (worn)
 k - a +0 pair of gloves (worn)
Wands
 l - a wand of roots (6)
Scrolls
 j - a scroll of blinking
 n - 2 scrolls of immolation {unknown}
 o - a scroll of identify {unknown}
 q - a scroll of acquirement {unknown}
Potions
 d - a potion of might
 h - 2 potions of magic
 m - 4 potions of mutation {unknown}
 p - 4 potions of flight
Miscellaneous
 i - a phantom mirror (inert)


   Skills:
 + Level 11.4 Fighting
 + Level 12.5 Axes
 + Level 12.8 Armour
 + Level 4.4 Dodging
 + Level 2.0 Stealth
 + Level 9.6 Shields
 + Level 3.1 Evocations


You had 7 spell levels left.
You didn't know any spells.
Your spell library contained the following spells:

 Spells                   Type           Power      Damage    Failure   Level
 Magic Dart               Conj           0%         1d3       78%         1
 Call Imp                 Summ           0%         N/A       89%         2
 Mephitic Cloud           Conj/Pois/Air  0%         N/A       98%         3


Dungeon Overview and Level Annotations

Branches:
Dungeon (1/1)

Altars:
Cheibriados
Dithmenos
Elyvilon
Fedhas
Gozag
Hepliaklqana
Kikubaaqudgha
Makhleb
Nemelex Xobeh
Okawaru
Qazlal
Ru
Sif Muna
Trog
Uskayaw
Vehumet
Wu Jian
Xom
Yredelemnul
Zin
The Shining One
Jiyva
Lugonu

Annotations:
D Erolcha


Innate Abilities, Weirdness & Mutations

You have a pair of horns on your head.
You reflexively headbutt those who attack you in melee.


Message History

You start waiting.
Erolcha the Cunning comes into view.
She is wielding a +0 giant club and wearing a +2 robe of willpower.
Erolcha shouts!
You hear two shouts!
Erolcha casts a spell.
Erolcha flickers and vanishes!
Deactivating autopickup; reactivate with Ctrl-A.
A two-headed ogre comes into view.
It is wielding a +0 giant club and a +0 giant spiked club.
Aiming: Phantom Mirror
Press: ? - help, Q - select action, (/) - cycle Dir - move target, f - two-headed ogre
Aim: a two-headed ogre, wielding a +0 giant club and a +0 giant spiked club You reflect the two-headed ogre with the mirror!
The mirror clouds!
You barely miss the two-headed ogre.
Your two-headed ogre hits something with a +0 giant club.
Your two-headed ogre barely misses something.
You slash something!
Your two-headed ogre hits the two-headed ogre with a +0 giant club.
Your two-headed ogre barely misses the two-headed ogre.
Something hits you!
Your two-headed ogre hits the two-headed ogre with a +0 giant club.
Your two-headed ogre hits the two-headed ogre with a +0 giant spiked club!
The two-headed ogre hits your two-headed ogre with a +0 giant club!
The two-headed ogre barely misses your two-headed ogre.
The two-headed ogre hits you with a +0 giant club!!
You block the two-headed ogre's attack. Something hits you!
Your two-headed ogre hits the two-headed ogre with a +0 giant club!
Your two-headed ogre barely misses the two-headed ogre.
You feel better.
You slash the two-headed ogre!
You headbutt the two-headed ogre, but do no damage.
The two-headed ogre is severely wounded.
You hit something but do no damage.
Your two-headed ogre shimmers and vanishes!
Something hits you!!
* * * LOW HITPOINT WARNING * * *
The two-headed ogre hits you with a +0 giant club!
* * * LOW HITPOINT WARNING * * *
The two-headed ogre hits you with a +0 giant spiked club!!
You die...
Your body crumbles into a pile of gold.

__# $$$ $ $$ ._#$
$ $ [## $$ ..# $
..# $$ $ $$ #'# $
$ $
..#+##############
..#....#.#.#.....#
..##.#..#.##.###@#
..'##)#.#.##)#.O##
..#.).#..#..##..
▓▓▓▓▓▓▓▓▓▓▓▓▓▓▓▓


You could see a two-headed ogre.

Vanquished Creatures
  A deep elf pyromancer (D)
  A shadow (D)
  A spatial vortex (D)
  3 two-headed ogres (D)
  A water elemental (D)
  A necrophage (D)
  A jelly (D)
  Jessica (D)
  A wizard (D)
  A necromancer (D)
  A kobold demonologist (D)
  3 humans (D)
  A wolf (D)
  2 endoplasms (D)
  A rat (D)
20 creatures vanquished.

Vanquished Creatures (collateral kills)
  A two-headed ogre (D)
1 creature vanquished.

Grand Total: 21 creatures vanquished

Notes
Turn   | Place    | Note
-------+----------+-------------------------------------------
     0 | D        | retardedninja the Minotaur Fighter began the quest for the
                  | Orb.
     0 | D        | Reached XP level 1. HP: 19/19 MP: 0/0
   152 | D        | Noticed Jessica
   167 | D        | Killed Jessica
   168 | D        | Reached skill level 5 in Fighting
   168 | D        | Reached skill level 5 in Armour
   168 | D        | Reached skill level 5 in Shields
   168 | D        | Reached XP level 2. HP: 13/29 MP: 1/1
   168 | D        | Reached XP level 3. HP: 16/36 MP: 2/2
   623 | D        | Noticed a water elemental
   627 | D        | Killed a water elemental
   628 | D        | Reached skill level 5 in Axes
   628 | D        | Reached XP level 4. HP: 19/45 MP: 3/3
   846 | D        | Found a glowing silver altar of Zin.
   846 | D        | Found a glowing golden altar of the Shining One.
   846 | D        | Found a white marble altar of Elyvilon.
   847 | D        | Noticed a deep elf pyromancer
   866 | D        | Noticed a fire elemental
   866 | D        | Noticed a fire elemental
   871 | D        | HP: 2/45 [fire elemental[a deep elf pyromancer] (7)]
   873 | D        | Killed a deep elf pyromancer
   874 | D        | Reached skill level 10 in Armour
   874 | D        | Reached skill level 1 in Evocations
   874 | D        | Reached XP level 5. HP: 4/57 MP: 4/4
   874 | D        | Reached XP level 6. HP: 4/63 MP: 5/5
  1247 | D        | Found a hide-covered altar of Uskayaw.
  1247 | D        | Found an iron altar of Okawaru.
  1247 | D        | Found a bloodstained altar of Trog.
  1247 | D        | Found an ornate altar of the Wu Jian Council.
  1247 | D        | Noticed a human
  1248 | D        | Noticed a human
  1257 | D        | Killed a human
  1258 | D        | Reached XP level 7. HP: 56/71 MP: 6/6
  1260 | D        | Killed a human
  1261 | D        | Reached skill level 10 in Fighting
  1261 | D        | Reached skill level 10 in Axes
  1261 | D        | Reached skill level 1 in Stealth
  1513 | D        | Found a basalt altar of Yredelemnul.
  1513 | D        | Found a shadowy altar of Dithmenos.
  1513 | D        | Found a sacrificial altar of Ru.
  1538 | D        | Noticed a shadow
  1548 | D        | Killed a shadow
  1549 | D        | Reached XP level 8. HP: 70/80 MP: 7/7
  1665 | D        | Found a radiant altar of Vehumet.
  1665 | D        | Found a shimmering blue altar of Sif Muna.
  1665 | D        | Found an ancient bone altar of Kikubaaqudgha.
  1670 | D        | Noticed a rust devil
  1780 | D        | Found a blossoming altar of Fedhas.
  1780 | D        | Found a stormy altar of Qazlal.
  1780 | D        | Found a snail-covered altar of Cheibriados.
  1780 | D        | Found a burning altar of Makhleb.
  1780 | D        | Found a shimmering altar of Xom.
  1781 | D        | Found a hazy altar of Hepliaklqana.
  1781 | D        | Found an opulent altar of Gozag.
  1781 | D        | Found a sparkling altar of Nemelex Xobeh.
  1781 | D        | Found a corrupted altar of Lugonu.
  1781 | D        | Found a viscous altar of Jiyva.
  1786 | D        | Became a worshipper of Gozag Ym Sagoz the Greedy
  1909 | D        | Noticed a two-headed ogre
  1918 | D        | Killed a two-headed ogre
  2162 | D        | Noticed Erolcha
  2162 | D        | Noticed a two-headed ogre
  2171 | D        | Mangled by a two-headed ogre

Illustrated notes

Levels and vault maps discovered:
D:        dungeon_sprint_mu [sprint_mu_entry_forest, sprint_mu_temple_rooms,
          sprint_mu_d1_spiders, sprint_mu_d2_genie, sprint_mu_d3_branching,
          sprint_mu_orc_legion, sprint_mu_elf_gauntlet, sprint_mu_hive_nellie,
          sprint_mu_lair_fedhas, sprint_mu_vaults_butterflies,
          sprint_mu_slime_circle, sprint_mu_swamp_cave, sprint_mu_snake_twists,
          sprint_mu_blade_basic, sprint_mu_crypt_fortress,
          sprint_mu_tomb_spiral, sprint_mu_vestibule_basic,
          sprint_mu_gehenna_hellfire, sprint_mu_dis_giant,
          sprint_mu_tartarus_statrot, sprint_mu_cocytus_islands, sprint_mu_zot1]

Skill      XL: |  1  2  3  4  5  6  7  8 |
---------------+-------------------------+-----
Fighting       | 5 6 9 10 11 | 11.4
Armour         | 5 7 10 11 12 | 12.8
Shields        | 5 6 8 9 |  9.6
Axes           | 3 5 9 11 12 | 12.5
Dodging        | 2 3 4 |  4.4
Evocations     | 1 2 3 |  3.1
Stealth        | 1 2 |  2.0

Action                     |  1- 3 |  4- 6 |  7- 9 || total
---------------------------+-------+-------+-------++-------
  Melee: War axe           |    21 |    13 |    51 ||    85
         Headbutt          |     5 |     2 |    12 ||    19
  Evoke: Wand              |       |     5 |     2 ||     7
         Phantom mirror    |       |       |     2 ||     2
    Use: Potion            |     2 |     3 |     2 ||     7
   Stab: Invisible         |       |       |     1 ||     1
 Armour: Scale mail        |     6 |     5 |    11 ||    22
  Dodge: Dodged            |     6 |     8 |    13 ||    27
  Block: Buckler           |     6 |     5 |    10 ||    21

Table legend: (Time is in decaauts)
 A = Elapsed time spent in this place.
 B = Non-inter-level travel time spent in this place.
 C = Inter-level travel time spent in this place.
 D = Time resting spent in this place.
 E = Time spent auto-exploring this place.
 F = Levels seen in this place.
 G = Mean time per level.
                   A        B        C        D        E       F      G
               +--------+--------+--------+--------+--------+-----+--------+
         Total |   2162 |   2132 |     30 |   1668 |     17 |   1 | 2162.0 |
       Dungeon |   2162 |   2132 |     30 |   1668 |     17 |   1 | 2162.0 |
               +--------+--------+--------+--------+--------+-----+--------+

Top non-repeatable levels by time:
       D: 2162 daAuts
